 Dungeon Crawl Stone Soup version 0.31-a0-271-gb88eb75e06 (webtiles) character file.

Game seed: 7108476214127161263

63 Ofeo the Chopper (level 3, 0/32 HPs)
             Began as an Armataur Reaver on July 15, 2023.
             Slain by an orc wizard
             ... wielding a +0 dagger
              (3 damage)
             ... on level 3 of the Dungeon.
             The game lasted 00:01:47 (1561 turns).

Ofeo the Chopper (Armataur Reaver)                  Turns: 1561, Time: 00:01:48

Health: 0/32       AC:  4    Str: 19    XL:     3   Next: 89%
Magic:  5/5        EV:  9    Int: 13    God:
Gold:   34         SH:  0    Dex:  8    Spells: 4/5 levels left

rFire   . . .        p - +2 whip (venom)
rCold   . . .        (no shield)
rNeg    . . .        b - +0 leather armour
rPois   .            (helmet currently unavailable)
rElec   .            (cloak currently unavailable)
rCorr   .            (gloves currently unavailable)
SInv    .            (no barding)
Will    .....        (no amulet)
Stlth   +            (no ring)
HPRegen 0.25/turn    (no ring)
MPRegen 0.09/turn

%: roll
@: beast-form
A: beast (slay +0), large, rugged brown scales 3, deformed body, armoured tail,
roll, long tongue, awkward tongue
a: Begin Untransformation


You were on level 3 of the Dungeon.
You were a hulking beast.
You visited 1 branch of the dungeon, and saw 3 of its levels.

You collected 34 gold pieces.

Inventory:

Hand Weapons
 a - a +0 hand axe
 h - a +2 short sword of venom
 p - a +2 whip of venom (weapon)
Missiles
 m - 4 poisoned darts
Armour
 b - a +0 leather armour (worn)
Talismans
 e - a beast talisman
Scrolls
 c - a scroll of teleportation {unknown}
 f - a scroll of immolation {unknown}
 j - a scroll of amnesia {unknown}
 k - a scroll of enchant weapon {unknown}
 l - 2 scrolls of fear {unknown}
 s - a scroll of revelation {unknown}
Potions
 d - 3 potions of heal wounds {unknown}
 g - a potion of cancellation {unknown}
 i - a potion of degeneration {unknown}
 n - a potion of might {unknown}
 o - a potion of brilliance {unknown}
 q - a potion of lignification {unknown}
 r - a potion of attraction {unknown}


   Skills:
 + Level 2.5 Fighting
 + Level 2.9 Axes
 + Level 1.9 Dodging
 - Level 1.7 Spellcasting
 - Level 2.7 Conjurations
 + Level 1.0 Shapeshifting


You had 4 spell levels left.
You knew the following spells:

 Your Spells              Type           Power      Damage    Failure   Level
a - Kiss of Death         Conj/Necr      16%        2d6       19%         1

Your spell library contained the following spells:

 Spells                   Type           Power      Damage    Failure   Level
 Momentum Strike          Conj/Tloc      8%         3d8       26%         2
 Hailstorm                Conj/Ice       4%         3d4       47%         3


Dungeon Overview and Level Annotations

Branches:
Dungeon (3/15)

Altars:
Cheibriados


Innate Abilities, Weirdness & Mutations

You are a hulking beast.
Your limbs bulge with bestial killing power. (Slay +0)
You are completely covered in rugged brown scales. (AC +3, +7% HP)
Armour fits poorly on your strangely shaped body.
You have a long armoured tail.
You roll when moving toward enemies. (Rampage)
Your long tongue fully drains potion bottles. (2x potion effects)
Your tongue gives you trouble enunciating. (1.5x scroll delay)


Message History

The kobold attacks as you move away!
The kobold hits you with a +0 short sword.
The orc attacks as you move away! The orc hits you with a +0 hand axe.
* * * LOW HITPOINT WARNING * * *
You take 5 damage, and have 9/32 hp.
What are your orders? t - Shout!
Orders for allies: a - Attack new target. r - Retreat! s - Stop attacking. g - Guard the area. f - Follow me.
Anything else - Cancel.
Okay, then.
The kobold attacks as you move away!
The kobold hits you with a +0 short sword.
* * * LOW HITPOINT WARNING * * *
You take 4 damage, and have 5/32 hp.
The kobold attacks as you move away! The kobold barely misses you.
The kobold attacks as you move away! The kobold misses you.
You hit the orc.
The orc is poisoned.
The orc is almost dead.
You kill the orc!
Things that are here:
a +0 hand axe; an orc corpse You miss something.
Something hits you but does no damage.
You closely miss something. Something hits you but does no damage.
You closely miss something.
Your tail-slap misses something.
An orc wizard appears from thin air!
Reactivating autopickup.
The orc wizard hits you with a +0 dagger.
* * * LOW HITPOINT WARNING * * *
You take 1 damage, and have 6/32 hp.
You barely miss the orc wizard.
The orc wizard is heavily wounded.
The orc wizard hits you with a +0 dagger.
* * * LOW HITPOINT WARNING * * *
You take 3 damage, and have 3/32 hp.
You closely miss the orc wizard.
The orc wizard is heavily wounded.
The orc wizard hits you with a +0 dagger.
You die...

### ### #.#######
#<# #....)..# #.#
#.#####.# #.# #.#
#.######.# #.#
#........# #.#
###############
#.###K............#
#..ho#.......####.#
####)#.......#
#.#.......#
#.#.......#
..#.......#
###.####### ...#
#####


You could see an orc wizard and a kobold.

Vanquished Creatures
  A gnoll (D:1)
  3 dart slugs
  5 orcs (D:3)
  4 endoplasms (D:1)
  A giant cockroach (D:1)
  5 goblins
  4 hobgoblins
  2 jackals (D:1)
  2 kobolds (D:1)
  4 quokkas
  A ball python (D:2)
  A bat (D:2)
  A frilled lizard (D:1)
  4 rats
38 creatures vanquished.

Notes
Turn   | Place    | Note
-------+----------+-------------------------------------------
     0 | D:1      | Ofeo the Armataur Reaver began the quest for the Orb.
     0 | D:1      | Reached XP level 1. HP: 18/18 MP: 3/3
   222 | D:1      | Reached XP level 2. HP: 25/25 MP: 4/4
   749 | D:1      | Reached XP level 3. HP: 24/31 MP: 5/5
  1190 | D:2      | Found a snail-covered altar of Cheibriados.
  1396 | D:2      | Reached skill level 1 in Shapeshifting
  1561 | D:3      | Slain by an orc wizard

Illustrated notes

Levels and vault maps discovered:
D:1:      evilmike_arrival_grusome_pit, layout_loops_ring, minmay_misc_feat_room
D:2:      layout_rooms, basic_altar
D:3:      layout_basic

Skill      XL: |  1  2  3 |
---------------+----------+-----
Fighting       | 2 |  2.5
Shapeshifting  | 1 |  1.0
Axes           | |  2.9
Dodging        | |  1.9
Spellcasting   | |  1.7
Conjurations   | |  2.7

Action                     || total
---------------------------++-------
  Melee: Hand axe          ||    26
         Tailslap          ||    15
         Short sword       ||    44
         Whip              ||    27
 Armour: Leather armour    ||    25
  Dodge: Dodged            ||    35
   Form: Beast             ||     1

Table legend: (Time is in decaauts)
 A = Elapsed time spent in this place.
 B = Non-inter-level travel time spent in this place.
 C = Inter-level travel time spent in this place.
 D = Time resting spent in this place.
 E = Time spent auto-exploring this place.
 F = Levels seen in this place.
 G = Mean time per level.
                   A        B        C        D        E       F      G
               +--------+--------+--------+--------+--------+-----+--------+
         Total |   1564 |   1493 |     71 |     62 |   1155 |   3 |  521.3 |
       Dungeon |   1564 |   1493 |     71 |     62 |   1155 |   3 |  521.3 |
               +--------+--------+--------+--------+--------+-----+--------+

Top non-repeatable levels by time:
     D:1: 946 daAuts
     D:2: 483 daAuts
     D:3: 134 daAuts
